 Dungeon Crawl Stone Soup version 0.19.1 (webtiles) character file.

660 Faca the Shield-Bearer (level 7, -1/55 HPs)
             Began as a Formicid Fighter on Nov 29, 2016.
             Killed by divine providence
             ... invoked by an orc priest
              (9 damage)
             ... on level 4 of the Dungeon.
             The game lasted 00:10:36 (3619 turns).

Faca the Shield-Bearer (Formicid Fighter)           Turns: 3619, Time: 00:10:37

Health: -1/55      AC:  7    Str: 21    XL:     7   Next: 86%
Magic:  7/7        EV:  7    Int:  7    God:
Gold:   158        SH: 17    Dex: 12    Spells: 0 memorised, 6 levels left

rFire  . . .     SeeInvis +     a - +0 war axe
rCold  . . .     Gourm    .     b - +0 scale mail
rNeg   . . .     Faith    .     j - +0 large shield
rPois  .         Spirit   .     (helmet unavailable)
rElec  .         Reflect  +     (no cloak)
rCorr  .         Harm     .     (no gloves)
MR     .....                    (no boots)
Stlth  ..........               h - +2 amulet of reflection
                                (no ring)
                                (no ring)

@: lethally poisoned (-1 -> -1)
A: permanent stasis, dig shafts and tunnels, four strong arms, antennae 3
a: Dig, Shaft Self


You were on level 4 of the Dungeon.
You were not hungry.

You visited 1 branch of the dungeon, and saw 4 of its levels.

You collected 158 gold pieces.

Inventory:

Hand Weapons
 a - a +0 war axe (weapon)
Armour
 b - a +0 scale mail (worn)
 j - a +0 large shield (worn)
Jewellery
 h - a +2 amulet of reflection (around neck)
Scrolls
 e - 4 scrolls of identify
Potions
 d - 2 potions of might
Comestibles
 g - a royal jelly
 i - a fruit


   Skills:
 + Level 4.7 Fighting
 + Level 4.9 Axes
 + Level 4.8 Armour
 + Level 1.5 Dodging
 + Level 0.3 Stealth
 + Level 6.1 Shields


You had 6 spell levels left.
You didn't know any spells.

Dungeon Overview and Level Annotations

Branches:
Dungeon (4/15)
 Temple: D:4-7

Altars:
Kikubaaqudgha
Qazlal


Innate Abilities, Weirdness & Mutations

You are under a permanent stasis effect.
You can dig through walls and to a lower floor.
Your four strong arms can wield two-handed weapons with a shield.
You have a pair of large antennae on your head. (SInv)


Message History

You hit the orc priest but do no damage.
The orc priest is heavily wounded.
You closely miss the orc wizard.
The orc wizard points at you and mumbles some strange words.
The magic dart hits you!
The orc priest calls down the wrath of Beogh upon you.
Pain shoots through your body!
* * * LOW HITPOINT WARNING * * *
You block the orc wizard's attack.
Your shield and scale mail prevent you from hitting the orc priest.
The orc priest is heavily wounded.
You closely miss the orc wizard.
The orc priest hits you but does no damage.
You block the orc wizard's attack.
You feel sick.
Your shield and scale mail prevent you from hitting the orc priest.
The orc priest is heavily wounded.
The orc priest mumbles some strange prayers to Beogh against you.
Beogh smites you!
You die...

#. ##.....#...
#####.
##........
....#.
##........
......#
#..#......
.......
##..#......
.......##
#..###.....
.....{.o# ##..#
##.... #o#
#..## ##...
###@## ##..#
####
####....###..##
#........##..#
#..).....#..##
#...........#
..#....#####.#
# ##### ###


You could see an orc priest and an orc wizard.

Vanquished Creatures
  Eustachio (D:4)
  The ghost of buriedalive the Firebug, an amateur HEFE (D:3)
  Duvessa (D:4)
  Dowan (D:4)
  A hound (D:4)
  A bullfrog skeleton (D:4)
  Natasha (D:4)
  2 worker ants (D:4)
  2 adders (D:3)
  An adder skeleton (D:4)
  2 dart slugs
  4 leopard geckos
  6 orcs (D:3)
  4 giant cockroaches
  5 goblins
  6 hobgoblins
  11 jackals
  5 kobolds
  4 quokkas
  2 ball pythons
  9 bats
  5 frilled lizards
  8 rats
83 creatures vanquished.

Notes
Turn   | Place    | Note
-------+----------+-------------------------------------------
     0 | D:1      | Faca the Formicid Fighter began the quest for the Orb.
     0 | D:1      | Reached XP level 1. HP: 18/18 MP: 1/1
   170 | D:1      | Reached XP level 2. HP: 20/24 MP: 2/2
   396 | D:1      | Reached skill level 4 in Shields
   531 | D:1      | Reached XP level 3. HP: 29/29 MP: 3/3
   950 | D:2      | Noticed an air elemental
   952 | D:2      | Found a stormy altar of Qazlal.
   953 | D:2      | Noticed a water elemental
   953 | D:2      | Noticed an earth elemental
   953 | D:2      | Noticed a fire elemental
   985 | D:2      | Gained mutation: You are somewhat resistant to further mutation. [potion of mutation]
   985 | D:2      | Gained mutation: You are partially covered in molten scales. (AC +2) [potion of mutation]
  1346 | D:2      | Lost mutation: You are somewhat resistant to further mutation. [potion of cure mutation]
  1346 | D:2      | Lost mutation: You are partially covered in molten scales. (AC +2) [potion of cure mutation]
  1423 | D:2      | Reached XP level 4. HP: 35/35 MP: 4/4
  2160 | D:3      | Found an ancient bone altar of Kikubaaqudgha.
  2279 | D:3      | Noticed buriedalive's ghost (amateur HEFE)
  2287 | D:3      | HP: 1/37 [orc (1)]
  2288 | D:3      | Killed buriedalive's ghost
  2288 | D:3      | Reached skill level 1 in Dodging
  2288 | D:3      | Reached skill level 5 in Shields
  2288 | D:3      | Reached XP level 5. HP: 1/42 MP: 5/5
  2288 | D:3      | Reached XP level 6. HP: 1/48 MP: 6/6
  2960 | D:4      | Noticed Natasha
  2967 | D:4      | Killed Natasha
  3160 | D:4      | Noticed Eustachio
  3203 | D:4      | Killed Eustachio
  3203 | D:4      | Reached XP level 7. HP: 29/54 MP: 7/7
  3358 | D:4      | Noticed Duvessa
  3359 | D:4      | Noticed Dowan
  3378 | D:4      | Killed Duvessa
  3379 | D:4      | Killed Dowan
  3539 | D:4      | Reached skill level 6 in Shields
  3619 | D:4      | Killed from afar by an orc priest

Skill      XL: |  1  2  3  4  5  6  7 |
---------------+----------------------+-----
Shields        | 4 5 6 |  6.1
Axes           | 3 4 |  4.9
Armour         | 4 |  4.8
Dodging        | 1 |  1.5
Fighting       | 4 |  4.7
Stealth        | |  0.3

Action                   |  1- 3 |  4- 6 |  7- 9 || total
-------------------------+-------+-------+-------++-------
Melee: War axe           |   168 |   131 |    52 ||   351
  Use: Potion            |     4 |     4 |       ||     8
       Scroll            |     4 |     1 |     2 ||     7
  Eat: Bread ration      |     1 |     1 |       ||     2
       Beef jerky        |     1 |     1 |       ||     2
Armor: Scale mail        |    76 |    69 |    22 ||   167
Dodge: Dodged            |    66 |    61 |    10 ||   137
Block: Shield            |   100 |    58 |       ||   158
       Large shield      |       |    91 |    64 ||   155
       Reflection        |       |     2 |       ||     2
